 Dungeon Sprint DCSS version 0.30-a0-509-gd016549fea (webtiles) character file.

Game seed: 12320188372949637686

5959 rocky1 the Impaler (level 10, -1/100 HPs)
             Began as a Minotaur Gladiator on Dec 23, 2022.
             Was an Initiate of Gozag.
             Slain by a tyrant leech (24 damage)
             ... in the Dungeon (Sprint III: "The Ten Rune Challenge").
             The game lasted 00:09:52 (1957 turns).

rocky1 the Impaler (Minotaur Gladiator)             Turns: 1957, Time: 00:09:53

Health: -1/100     AC: 20    Str: 22    XL:     10   Next: 54%
Magic:  9/9        EV: 11    Int:  5    God:    Gozag
Gold:   983        SH:  0    Dex:  9    Spells: 9/9 levels left

rFire   . . .      SeeInvis +    a - +0 trident
rCold   . . .      Faith    .    (no shield)
rNeg    . . .      Spirit   .    u - +4 chain mail of Intuition {rPois Dex-4 SInv Stlth+}
rPois   +          Reflect  .    c - +0 hat
rElec   .          Harm     .    t - +2 cloak {Stlth+}
rCorr   .          Rampage  .    v - +0 pair of gloves {Stlth+}
Will    .....      NoTele   +    (no boots)
Stlth   +.........               (no amulet)
HPRegen 0.36/turn                (no ring)
MPRegen 0.11/turn                (no ring)

@: no status effects
A: horns 2, retaliatory headbutt
a: Renounce Religion, Potion Petition, Call Merchant, Bribe Branch


You were in the Dungeon.
You worshipped Gozag.
Gozag was pleased with you.
You visited 1 branch You collected 5806 gold pieces.
You spent 2507 gold pieces at shops.
You paid 2316 gold pieces to Gozag.

Inventory:

Hand Weapons
 a - a +0 trident (weapon)
 b - the +8 longbow "Zephyr" {speed, Dex+3 SInv}
   (You bought it in a shop in the Dungeon)

   Attacks with this weapon are significantly faster.
   Dex:       It affects your dexterity (+3).
   SInv:      It lets you see invisible.
Missiles
 d - 3 throwing nets (quivered)
 e - a javelin
Armour
 c - a +0 hat (worn)
 s - the +5 ring mail "Soesuav" {rC+}
   (You bought it in a shop in the Dungeon)

   rC:        It protects you from cold.
 t - a +2 cloak of stealth (worn)
 u - the +4 chain mail of Intuition (worn) {rPois Dex-4 SInv Stlth+}
   (You bought it in a shop in the Dungeon)

   Dex:       It affects your dexterity (-4).
   rPois:     It protects you from poison.
   SInv:      It lets you see invisible.
   Stlth:     It makes you more stealthy.
 v - a +0 pair of gloves of stealth (worn)
Wands
 l - a wand of flame (20)
Scrolls
 k - a scroll of blinking
 m - a scroll of immolation {unknown}
 n - a scroll of fear {unknown}
 p - a scroll of torment {unknown}
 q - a scroll of identify {unknown}
Potions
 f - a potion of curing
 g - a potion of heal wounds
 h - a potion of haste
 i - 2 potions of magic
 o - a potion of flight {unknown}
 r - 4 potions of mutation
Miscellaneous
 j - a box of beasts


   Skills:
 + Level 12.7 Fighting
 + Level 17.5 Polearms
 + Level 4.3 Ranged Weapons
 - Level 2.0 Throwing
 + Level 10.3 Armour
 + Level 10.0 Dodging
 - Level 12.0 Evocations


You had 9 spell levels left.
You didn't know any spells.
Your spell library contained the following spells:

 Spells                   Type           Power      Damage    Failure   Level
 Inner Flame              Hex/Fire       0%         N/A       100%        3
 Cause Fear               Hex            0%         N/A       100%        4
 Iskenderun's Battlesphe  Conj           0%         2d6       100%        5
 Iron Shot                Conj/Erth      0%         9d1       100%        6
 Spellforged Servitor     Conj/Summ      0%         N/A       100%        7
 Discord                  Hex            0%         N/A       100%        8


Dungeon Overview and Level Annotations

Branches:
Dungeon (1/1)

Altars:
Cheibriados
Dithmenos
Elyvilon
Fedhas
Gozag
Hepliaklqana
Kikubaaqudgha
Makhleb
Nemelex Xobeh
Okawaru
Qazlal
Ru
Sif Muna
Trog
Uskayaw
Vehumet
Wu Jian
Xom
Yredelemnul
Zin
The Shining One
Jiyva
Lugonu

Shops:
D (([(


Innate Abilities, Weirdness & Mutations

You have a pair of horns on your head.
You reflexively headbutt those who attack you in melee.


Message History

You hit the tyrant leech.
The tyrant leech is moderately wounded.
The tyrant leech bites you!!
The tyrant leech draws strength from your injuries!
You are too injured to fight recklessly!
You are too injured to fight recklessly!
You are too injured to fight recklessly!
You are too injured to fight recklessly!
You are too injured to fight recklessly!
You are too injured to fight recklessly!
You are too injured to fight recklessly!
You are too injured to fight recklessly!
You are too injured to fight recklessly!
You are too injured to fight recklessly!
You are too injured to fight recklessly!
You are too injured to fight recklessly!
You are too injured to fight recklessly!
You are too injured to fight recklessly!
You are too injured to fight recklessly!
You are too injured to fight recklessly!
You are too injured to fight recklessly!
You hit the tyrant leech. Your headbutt misses the tyrant leech.
The tyrant leech is moderately wounded.
You closely miss the tyrant leech.
The tyrant leech is moderately wounded.
The tyrant leech barely misses you.
You barely miss the tyrant leech.
The tyrant leech is moderately wounded.
You barely miss the tyrant leech.
The tyrant leech is moderately wounded.
The tyrant leech bites you!!
* * * LOW HITPOINT WARNING * * *
The tyrant leech draws strength from your injuries!
You closely miss the tyrant leech.
The tyrant leech is moderately wounded.
You closely miss the tyrant leech.
The tyrant leech is moderately wounded.
The tyrant leech bites you!!
You die...
Your body crumbles into a pile of gold.

.........#)..#__#...'##.#.#.##)#.
.........#___#__'...#.).#..#..##.
▓▓▓▓▓▓▓▓▓▓▓▓▓▓▓▓▓▓▓▓▓▓▓▓▓▓▓▓▓▓▓▓▓
♣.....♣♣♣♣~~~........~~~..
♣.≈≈≈≈'♣♣'♣≈≈≈≈≈≈≈≈≈≈≈≈♣♣P
+.....#.~♣♣♣♣♣♣♣♣♣♣♣♣♣♣♣♣P
♣♣♣♣♣♣#..♣♣ ♣♣ ###'♣ ♣@# ♣..w## $
♣♣.# ♣. ♣


You could see a tyrant leech.

Vanquished Creatures
  An orc high priest (D)
  A deep elf pyromancer (D)
  An orc knight (D)
  2 cane toads (D)
  A rime drake (D)
  A komodo dragon (D)
  3 wandering mushrooms (D)
  A shadow (D)
  3 redbacks (D)
  A spatial vortex (D)
  A swamp drake (D)
  4 two-headed ogres (D)
  A scorpion (D)
  A necrophage (D)
  A water elemental (D)
  A jelly (D)
  2 orc priests (D)
  Jessica (D)
  A wizard (D)
  A necromancer (D)
  6 orc wizards (D)
  3 humans (D)
  A kobold demonologist (D)
  7 orcs (D)
  A jackal (D)
  3 rats (D)
50 creatures vanquished.

Vanquished Creatures (collateral kills)
  Erolcha (D)
  A two-headed ogre (D)
2 creatures vanquished.

Vanquished Creatures (others)
  A plant (D)
1 creature vanquished.

Grand Total: 53 creatures vanquished

Notes
Turn   | Place    | Note
-------+----------+-------------------------------------------
     0 | D        | rocky1 the Minotaur Gladiator began the quest for the Orb.
     0 | D        | Reached XP level 1. HP: 18/18 MP: 0/0
     7 | D        | Reached skill level 4 in Polearms
    15 | D        | Noticed Jessica
    19 | D        | Killed Jessica
    20 | D        | Reached skill level 8 in Polearms
    20 | D        | Reached XP level 2. HP: 12/25 MP: 1/1
   107 | D        | Reached skill level 1 in Evocations
   107 | D        | Reached XP level 3. HP: 21/30 MP: 2/2
   145 | D        | Noticed a scorpion
   157 | D        | Killed a scorpion
   158 | D        | Reached skill level 10 in Polearms
   158 | D        | Reached XP level 4. HP: 19/37 MP: 3/3
   273 | D        | Noticed a water elemental
   277 | D        | Killed a water elemental
   278 | D        | Reached skill level 5 in Evocations
   278 | D        | Reached XP level 5. HP: 40/42 MP: 4/4
   340 | D        | Reached skill level 11 in Polearms
   340 | D        | Noticed a shadow
   348 | D        | Killed a shadow
   349 | D        | Reached skill level 12 in Polearms
   349 | D        | Reached XP level 6. HP: 22/50 MP: 5/5
   477 | D        | Found a blossoming altar of Fedhas.
   477 | D        | Found a stormy altar of Qazlal.
   477 | D        | Found a snail-covered altar of Cheibriados.
   477 | D        | Found a burning altar of Makhleb.
   477 | D        | Found a shimmering altar of Xom.
   478 | D        | Found a hazy altar of Hepliaklqana.
   478 | D        | Found an opulent altar of Gozag.
   478 | D        | Found a sparkling altar of Nemelex Xobeh.
   478 | D        | Found a corrupted altar of Lugonu.
   478 | D        | Found a viscous altar of Jiyva.
   478 | D        | Noticed a spatial vortex
   482 | D        | Became a worshipper of Gozag Ym Sagoz the Greedy
   490 | D        | Killed a spatial vortex
   491 | D        | Reached skill level 13 in Polearms
   518 | D        | Found a basalt altar of Yredelemnul.
   518 | D        | Found a shadowy altar of Dithmenos.
   518 | D        | Found a sacrificial altar of Ru.
   523 | D        | Reached skill level 5 in Fighting
   523 | D        | Reached XP level 7. HP: 61/61 MP: 6/6
   643 | D        | Found a radiant altar of Vehumet.
   643 | D        | Found a shimmering blue altar of Sif Muna.
   643 | D        | Found an ancient bone altar of Kikubaaqudgha.
   732 | D        | Found a hide-covered altar of Uskayaw.
   732 | D        | Found an iron altar of Okawaru.
   732 | D        | Found a bloodstained altar of Trog.
   732 | D        | Found an ornate altar of the Wu Jian Council.
   732 | D        | Noticed a human
   732 | D        | Noticed a human
   747 | D        | Killed a human
   748 | D        | Reached skill level 14 in Polearms
   751 | D        | Killed a human
   769 | D        | Found a glowing silver altar of Zin.
   769 | D        | Found a glowing golden altar of the Shining One.
   769 | D        | Found a white marble altar of Elyvilon.
   770 | D        | Noticed a deep elf pyromancer
   777 | D        | Killed a deep elf pyromancer
   778 | D        | Reached skill level 15 in Polearms
   778 | D        | Reached skill level 10 in Evocations
   778 | D        | Reached XP level 8. HP: 28/75 MP: 7/7
   985 | D        | Reached skill level 5 in Dodging
  1005 | D        | Noticed a two-headed ogre
  1015 | D        | Killed a two-headed ogre
  1016 | D        | Reached skill level 5 in Armour
  1024 | D        | Noticed Erolcha
  1025 | D        | Noticed a two-headed ogre
  1028 | D        | Killed Erolcha
  1029 | D        | Reached skill level 10 in Fighting
  1029 | D        | Reached XP level 9. HP: 85/85 MP: 8/8
  1037 | D        | Killed a two-headed ogre
  1038 | D        | Reached skill level 16 in Polearms
  1124 | D        | Bought a glowing cloak for 225 gold pieces
  1124 | D        | Bought a masterwork chain mail for 285 gold pieces
  1124 | D        | Identified the +4 chain mail of Intuition {rPois Dex-4 SInv
                  | Stlth+} (You bought it in a shop in the Dungeon)
  1124 | D        | Bought a pair of runed gloves for 225 gold pieces
  1353 | D        | Bought a faintly glowing ring mail for 270 gold pieces
  1353 | D        | Identified the +0 ring mail of Wugigog {Rampage Int+2
                  | Dex-5} (You bought it in a shop in the Dungeon)
  1372 | D        | Noticed an orc high priest
  1398 | D        | Killed an orc high priest
  1419 | D        | Noticed an orc knight
  1436 | D        | Killed an orc knight
  1437 | D        | Reached XP level 10. HP: 44/97 MP: 9/9
  1481 | D        | Found Wuufec's Antique Weapon Shop.
  1677 | D        | Bought a bloodstained ring mail for 270 gold pieces
  1677 | D        | Identified the +5 ring mail "Soesuav" {rC+} (You bought it
                  | in a shop in the Dungeon)
  1717 | D        | Bought the +8 longbow "Zephyr" {speed, Dex+3 SInv} for 1232
                  | gold pieces
  1717 | D        | Found the +8 longbow "Zephyr" {speed, Dex+3 SInv}
  1734 | D        | Reached skill level 1 in Ranged Weapons
  1744 | D        | Reached skill level 17 in Polearms
  1767 | D        | Noticed a cane toad
  1767 | D        | Noticed a cane toad
  1795 | D        | Killed a cane toad
  1800 | D        | Killed a cane toad
  1808 | D        | Reached skill level 10 in Armour
  1927 | D        | Reached skill level 10 in Dodging
  1957 | D        | Slain by a tyrant leech

Illustrated notes

Levels and vault maps discovered:
D:        dungeon_sprint_mu [sprint_mu_entry_forest, sprint_mu_temple_rooms,
          sprint_mu_d1_spiders, sprint_mu_d2_genie, sprint_mu_d3_branching,
          sprint_mu_orc_legion, sprint_mu_elf_gauntlet, sprint_mu_hive_nellie,
          sprint_mu_lair_fedhas, sprint_mu_vaults_butterflies,
          sprint_mu_slime_circle, sprint_mu_swamp_cave, sprint_mu_snake_twists,
          sprint_mu_blade_basic, sprint_mu_crypt_fortress,
          sprint_mu_tomb_spiral, sprint_mu_vestibule_basic,
          sprint_mu_gehenna_hellfire, sprint_mu_dis_giant,
          sprint_mu_tartarus_statrot, sprint_mu_cocytus_islands, sprint_mu_zot1]

Skill      XL: |  1  2  3  4  5  6  7  8  9 10 |
---------------+-------------------------------+-----
Polearms       | 8 10 12 13 15 16 17 | 17.5
Evocations     | 1 4 5 7 8 10 11 12 | 12.0
Fighting       | 5 8 10 11 12 | 12.7
Armour         | 3 6 8 10 | 10.3
Dodging        | 4 7 8 10 | 10.0
Ranged Weapons | 4 |  4.3
Throwing       | |  2.0

Action                   |  1- 3 |  4- 6 |  7- 9 | 10-12 || total
-------------------------+-------+-------+-------+-------++-------
Melee: Trident           |    23 |    20 |   125 |    85 ||   253
       Headbutt          |     2 |     6 |    18 |    14 ||    40
       Punch             |       |       |     1 |     2 ||     3
 Fire: Longbow           |       |       |       |    23 ||    23
Throw: Throwing net      |     3 |     1 |       |       ||     4
Invok: Call Merchant     |       |       |     1 |     2 ||     3
Evoke: Wand              |       |     4 |       |       ||     4
       Box of beasts     |       |       |     1 |       ||     1
  Use: Potion            |       |     1 |     3 |       ||     4
 Stab: Confused          |       |       |       |     2 ||     2
       Distracted        |       |       |       |     1 ||     1
Armor: Leather armour    |     2 |       |       |       ||     2
       Chain mail        |       |       |    30 |    10 ||    40
Dodge: Dodged            |    14 |     4 |    29 |    25 ||    72

Table legend: (Time is in decaauts)
 A = Elapsed time spent in this place.
 B = Non-inter-level travel time spent in this place.
 C = Inter-level travel time spent in this place.
 D = Time resting spent in this place.
 E = Time spent auto-exploring this place.
 F = Levels seen in this place.
 G = Mean time per level.
                   A        B        C        D        E       F      G
               +--------+--------+--------+--------+--------+-----+--------+
         Total |   1867 |   1801 |     66 |   1113 |      0 |   1 | 1867.0 |
       Dungeon |   1867 |   1801 |     66 |   1113 |      0 |   1 | 1867.0 |
               +--------+--------+--------+--------+--------+-----+--------+

Top non-repeatable levels by time:
       D: 1867 daAuts
